 Dungeon Crawl Stone Soup version 0.29-a0-920-g5d2155ec51 (webtiles) character file.

Game seed: 7009007240866797283

3153 Murumi the Fighter (level 9, 0/59 HPs)
             Began as a Gargoyle Fighter on July 27, 2022.
             Was a Priest of Okawaru.
             Killed from afar by an acid dragon (24 damage)
             ... with a splash of acid
             ... on level 8 of the Dungeon.
             The game lasted 00:34:43 (11181 turns).

Murumi the Fighter (Gargoyle Fighter)              Turns: 11181, Time: 00:34:44

Health: 0/59       AC: 17    Str: 25    XL:     9   Next: 93%
Magic:  11/11      EV: 22    Int:  8    God:    Okawaru [***...]
Gold:   474        SH:  8    Dex:  9    Spells: 8/8 levels left

rFire   . . .      SeeInvis .   o - +1 whip
rCold   . . .      Faith    .   p - +3 buckler
rNeg    + . .      Spirit   .   q - +0 plate armour
rPois   ∞          Reflect  .   y - +0 hat
rElec   +          Harm     .   k - +0 cloak
rCorr   .          Rampage  .   (no gloves)
Will    +....                   (no boots)
Stlth   ..........              D - amulet of the acrobat
HPRegen 0.19/turn               b - ring of willpower
MPRegen 0.12/turn               (no ring)

@: corroded, acrobatic
A: sickness immunity, AC +6, negative energy resistance 1, electricity
resistance, torment resistance 1, petrification resistance
a: Renounce Religion, Heroism


You were on level 8 of the Dungeon.
You worshipped Okawaru.
Okawaru was most pleased with you.
You visited 2 branches of the dungeon, and saw 10 of its levels.

You collected 485 gold pieces.
You spent 11 gold pieces at shops.

Inventory:

Hand Weapons
 a - a +0 flail
 o - a +1 whip (weapon)
 t - a +0 morningstar
 C - a +1 dagger of speed
Armour
 k - a +0 cloak (worn)
 p - a +3 buckler (worn)
 q - a +0 plate armour (worn)
 y - a +0 hat (worn)
Jewellery
 b - a ring of willpower (left hand)
 D - an amulet of the acrobat (around neck)
Wands
 u - a wand of flame (18)
 B - a wand of roots (7)
Scrolls
 c - a scroll of poison
 f - a scroll of blinking
 l - 5 scrolls of teleportation
 n - 2 scrolls of fear
 v - a scroll of magic mapping
 w - a scroll of enchant weapon
Potions
 d - a potion of might
 e - 2 potions of ambrosia
 g - 5 potions of curing
 h - 3 potions of resistance
 i - 3 potions of mutation
 m - 2 potions of haste
 r - 4 potions of lignification
 s - a potion of degeneration {unknown}
 x - a potion of flight {unknown}
 z - a potion of attraction {unknown}
 A - 3 potions of brilliance


   Skills:
 - Level 8.0 Fighting
 - Level 6.0 Maces & Flails
 + Level 7.8 Armour
 - Level 2.0 Dodging
 - Level 8.0 Shields
 - Level 3.0 Invocations
 - Level 2.0 Evocations


You had 8 spell levels left.
You didn't know any spells.
Your spell library contained the following spells:

 Spells                   Type           Power      Damage    Failure   Level
 Freeze                   Ice            0%         1d3       100%        1
 Necrotise                Necr           0%         1d4       100%        1
 Sandblast                Erth           0%         2d4       100%        1
 Blink                    Tloc           0%         N/A       100%        2
 Passwall                 Tmut/Erth      0%         N/A       100%        2
 Frozen Ramparts          Ice            0%         1d2       100%        3
 Lesser Beckoning         Tloc           0%         N/A       100%        3
 Portal Projectile        Hex/Tloc       0%         N/A       100%        3
 Stone Arrow              Conj/Erth      0%         3d7       100%        3
 Vampiric Draining        Necr           0%         2d6       100%        3
 Anguish                  Hex/Necr       0%         N/A       100%        4
 Hailstorm                Conj/Ice       0%         3d3       100%        4
 Agony                    Necr           0%         N/A       100%        5
 Blade Hands              Tmut           0%         N/A       100%        5
 Manifold Assault         Tloc           0%         N/A       100%        5
 Enfeeble                 Hex            0%         N/A       100%        7
 Tukima's Dance           Hex            Unusable   N/A       N/A         3

Dungeon Overview and Level Annotations

Branches:
Dungeon (9/15)             Temple (1/1) D:5
   Lair: D:8-11         Orc: D:9-12

Altars:
Cheibriados
Dithmenos
Elyvilon
Fedhas
Gozag
Hepliaklqana
Kikubaaqudgha
Makhleb
Nemelex Xobeh
Okawaru
Qazlal
Ru
Sif Muna
Trog
Uskayaw
Vehumet
Wu Jian
Xom
Yredelemnul
Zin
The Shining One

Shops:
D:1 ?   D:8 [


Innate Abilities, Weirdness & Mutations

You are immune to sickness and miasma.
Your stone body is resilient. (AC +6)
You are immune to poison.
You resist negative energy. (rN+)
You are resistant to electric shocks. (rElec)
You are resistant to unholy torment.
You are immune to petrification.


Message History

The acid dragon bites you but does no damage.
You block the acid dragon's attack.
You hit the acid dragon.
The acid dragon is heavily wounded.
The acid dragon bites you! The acid dragon barely misses you.
You hit the acid dragon.
The acid dragon is severely wounded.
You block the acid dragon's attack.
The acid dragon claws you but does no damage.
You hit the acid dragon but do no damage.
The acid dragon is severely wounded.
The acid dragon bites you but does no damage.
The acid dragon barely misses you.
You barely miss the acid dragon.
The acid dragon is severely wounded.
You hit the acid dragon but do no damage.
The acid dragon is severely wounded.
You block the acid dragon's attack. x2
You hit the acid dragon but do no damage.
The acid dragon is severely wounded.
The acid dragon spits acid at you. The splash of acid hits you!
You hear a roar!
You closely miss the acid dragon.
The acid dragon is severely wounded.
The acid dragon spits acid at you. The splash of acid misses you.
You hit the acid dragon but do no damage.
The acid dragon is severely wounded.
The acid dragon bites you. You block the acid dragon's attack.
You hit the acid dragon but do no damage.
The acid dragon is severely wounded.
The acid dragon bites you!
The acid dragon claws you but does no damage.
You are too injured to fight recklessly!
You block the acid dragon's attack. The acid dragon claws you.
You block the acid dragon's attack. x2
The acid dragon spits acid at you. The splash of acid hits you!!
You die...

.###.#######.#####D## ##
.###................# #.
....).######.#####..#### #.
......#.........)>.....## #.
.###..#.##.###.##.......########.
.# #..#.#..# #..........>).......
.###..#.#..###.##......).########
...#..#.#.#...###D......#####
#...............@...........#
#..#..#.#########......####.#
#..#..#.# #......# #.#
#..#..#.#########.###### #.#
#..#..#...........# #.#
.(....###########.# #.# ##.####
#.## ###.# #.# #..## #...# #.###
##.#.## #.###


You could see an acid dragon (catching breath).

Vanquished Creatures
  Sigmund (D:6)
  A wyvern (D:8)
  A yak (D:8)
  A steam dragon (D:7)
  Eustachio (D:6)
  Duvessa (D:7)
  2 water moccasins
  2 ice beasts
  A sky beast (D:8)
  A black bear (D:5)
  2 ogres (D:6)
  2 kobold brigands (D:8)
  2 bullfrogs (D:8)
  A necrophage (D:8)
  3 wights (D:8)
  2 scorpions
  Dowan (D:7)
  9 electric eels (D:7)
  4 hounds
  4 orc priests
  Crazy Yiuf (D:6)
  An iguana (D:6)
  3 orc wizards
  6 adders
  4 gnolls (D:2)
  2 shadow imps
  4 white imps
  2 worms
  2 dart slugs (D:2)
  19 orcs
  2 endoplasms
  3 giant cockroaches
  5 goblins
  6 hobgoblins
  4 jackals (D:1)
  7 kobolds
  12 quokkas
  7 ball pythons
  2 bats
  3 frilled lizards
  6 rats
143 creatures vanquished.

Vanquished Creatures (others)
  A shadow imp (D:7)
  25 plants
26 creatures vanquished.

Grand Total: 169 creatures vanquished

Notes
Turn   | Place    | Note
-------+----------+-------------------------------------------
     0 | D:1      | Murumi the Gargoyle Fighter began the quest for the Orb.
     0 | D:1      | Reached XP level 1. HP: 14/14 MP: 1/1
   317 | D:1      | Reached XP level 2. HP: 15/20 MP: 2/2
   436 | D:1      | You fall into a shaft and drop 1 floor!
   494 | D:2      | Reached XP level 3. HP: 24/24 MP: 3/3
  1082 | D:1      | Found Wiacsus's Magic Scroll Shoppe.
  1088 | D:1      | Bought a scroll of noise for 11 gold pieces
  1533 | D:2      | Reached XP level 4. HP: 22/29 MP: 4/4
  1632 | D:2      | Reached skill level 1 in Dodging
  2695 | D:3      | Reached XP level 5. HP: 33/33 MP: 5/5
  3346 | D:4      | Reached XP level 6. HP: 39/39 MP: 6/6
  3924 | D:5      | Entered Level 5 of the Dungeon
  3935 | D:5      | Noticed a water moccasin
  3935 | D:5      | Found a staircase to the Ecumenical Temple.
  3956 | D:4      | Killed a water moccasin
  3957 | D:4      | Reached skill level 5 in Fighting
  3957 | D:4      | Reached skill level 1 in Evocations
  4099 | D:5      | Noticed a black bear
  4186 | D:5      | Reached skill level 5 in Shields
  4400 | Temple   | Entered the Ecumenical Temple
  4501 | Temple   | Became a worshipper of Warmaster Okawaru
  4613 | D:5      | Killed a black bear
  4614 | D:5      | Reached skill level 5 in Armour
  4614 | D:5      | Reached skill level 1 in Invocations
  4614 | D:5      | Reached XP level 7. HP: 32/44 MP: 7/7
  4740 | D:5      | Found a glowing silver altar of Zin.
  5511 | D:6      | Noticed Sigmund
  5549 | D:6      | Killed Sigmund
  5550 | D:6      | Reached skill level 5 in Maces & Flails
  5550 | D:6      | Reached XP level 8. HP: 35/51 MP: 9/9
  5651 | D:6      | Noticed Eustachio
  5837 | D:6      | Killed Eustachio
  6127 | D:6      | Reached * piety under Okawaru
  6423 | D:6      | Found a runed translucent door.
  6424 | D:6      | Noticed Crazy Yiuf
  6433 | D:6      | Killed Crazy Yiuf
  6703 | D:6      | Noticed a moth of wrath
  6706 | D:6      | Found a bloodstained altar of Trog.
  7098 | D:7      | Found a snail-covered altar of Cheibriados.
  8037 | D:7      | Noticed Duvessa
  8048 | D:7      | Noticed Dowan
  8079 | D:7      | Killed Duvessa
  8080 | D:7      | Reached XP level 9. HP: 38/57 MP: 11/11
  8127 | D:7      | Killed Dowan
  8843 | D:7      | Found a radiant altar of Vehumet.
  8847 | D:7      | Found an ancient bone altar of Kikubaaqudgha.
  9145 | D:7      | Reached ** piety under Okawaru
  9425 | D:7      | Found a burning altar of Makhleb.
  9600 | D:8      | Found Cueqo's Armour Emporium.
 10395 | D:8      | Found a hazy altar of Hepliaklqana.
 11000 | D:8      | Reached *** piety under Okawaru
 11181 | D:8      | Killed from afar by an acid dragon

Illustrated notes

Levels and vault maps discovered:
D:1:      dpeg_arrival_tiny_c, layout_basic, serial_shops, shop
D:2:      wad_woods_settlement, layout_loops_ring, small_statue_intersection,
          fountainhead
D:3:      layout_loops_cross
D:4:      layout_layer_cave
D:5:      layout_loops_cross, lemuel_doored_altar,
          minmay_temple_entry_large_hall
D:6:      layout_basic, tgw_trog, nicolae_concentric_dashed_squares_wild,
          uniq_sigmund, uniq_crazy_yiuf_cottage, uniq_eustachio
D:7:      layout_loops_cross, kennysheep_little_box, grunt_temple_overflow_open,
          serial_bayou, serial_bayou_shore_b, serial_bayou_shore_a,
          serial_bayou_pond_d, serial_bayou_lake_a, serial_bayou_pond_d,
          minmay_statues_item, uniq_duvessa
D:8:      layout_loops_ring, worldfamousw_hep_ancestral_shrine,
          nicolae_take_the_stairs, grunt_tough_drop
D:9:      layout_roguey, mainiacjoe_overflow_brackets, amcnicky_mini_pool_small,
          grunt_ministairs_12, minmay_misc_feat_enclosed
Temple:   nicolae_temple_great_sept

Skill      XL: |  1  2  3  4  5  6  7  8  9 |
---------------+----------------------------+-----
Fighting       | 4 5 7 8 |  8.0
Shields        | 4 5 6 8 |  8.0
Armour         | 4 5 6 7 |  7.8
Dodging        | 1 2 |  2.0
Maces & Flails | 3 4 5 6 |  6.0
Evocations     | 1 2 |  2.0
Invocations    | 1 2 3 |  3.0

Action                   |  1- 3 |  4- 6 |  7- 9 || total
-------------------------+-------+-------+-------++-------
Melee: Flail             |    95 |    54 |       ||   149
       Whip              |       |   222 |   901 ||  1123
Invok: Heroism           |       |       |     4 ||     4
  Use: Scroll            |     6 |     8 |     4 ||    18
       Potion            |       |     1 |     1 ||     2
Armor: Scale mail        |    53 |       |       ||    53
       Chain mail        |     9 |    48 |       ||    57
       Plate armour      |       |    99 |   394 ||   493
Dodge: Dodged            |    46 |    75 |   164 ||   285
Block: Buckler           |    27 |    70 |   233 ||   330

Table legend: (Time is in decaauts)
 A = Elapsed time spent in this place.
 B = Non-inter-level travel time spent in this place.
 C = Inter-level travel time spent in this place.
 D = Time resting spent in this place.
 E = Time spent auto-exploring this place.
 F = Levels seen in this place.
 G = Mean time per level.
                   A        B        C        D        E       F      G
               +--------+--------+--------+--------+--------+-----+--------+
         Total |  11159 |  10422 |    737 |    897 |   7356 |  10 | 1115.9 |
       Dungeon |  11047 |  10338 |    709 |    897 |   7282 |   9 | 1227.4 |
        Temple |    111 |     84 |     27 |      0 |     74 |   1 |  111.0 |
               +--------+--------+--------+--------+--------+-----+--------+

Top non-repeatable levels by time:
     D:7: 2294 daAuts
     D:6: 1799 daAuts
     D:8: 1560 daAuts
     D:2: 1517 daAuts
     D:5: 1186 daAuts
     D:1: 1006 daAuts
     D:4: 945 daAuts
     D:3: 729 daAuts
  Temple: 111 daAuts
     D:9: 6 daAuts
